[Event "Team 45 45 League T57"]
[Site "Internet Chess Club"]
[Date "2013.07.01"]
[Round "6"]
[White "infiniteshug"]
[Black "M-Tuzel"]
[Result "1-0"]
[WhiteElo "1889"]
[BlackElo "1659"]
[Opening "Caro-Kann: Steinitz variation"]
[ECO "B17"]
[Time "09:10:10"]
[TimeControl "2700+45"]

1. e4 c6 2. d4 d5 3. Nc3 dxe4 4. Nxe4 Nd7 5. Bc4 Ngf6 6. Ng5 e6 7. Qe2 Nb6 8.
Bd3 h6 9. N5f3 Be7 10. c3 O-O 11. Ne5 c5 12. Ngf3 cxd4 13. cxd4 Bb4+ 14. Bd2
Bxd2+ 15. Qxd2 Nbd5 16. O-O b6 17. Rfe1 Bb7 18. Rad1 Qd6 19. a3 Rac8 20. Bb1
Rfd8 21. Ba2 Nd7 22. g3 b5 23. Bb3 N7b6 24. Qe2 a6 25. Nd2 f6 26. Ne4 Qf8 27.
Nc5 fxe5 28. Nxb7 Rd7 29. Nc5 Rf7 30. Nxe6 Qe8 31. Qxe5 Qd7 32. Nc5 Qc6 33. Qh5
Rcf8 34. Re6 Qa8 35. Qe5 Nc4 36. Bxc4 bxc4 37. Rxa6 Qd8 38. Rd6 {Black resigns}
1-0

[Event "Team 45 45 League T57"]
[Site "Internet Chess Club"]
[Date "2013.06.29"]
[Round "6"]
[White "vigneshv"]
[Black "Tamarin"]
[Result "1/2-1/2"]
[WhiteElo "1698"]
[BlackElo "1834"]
[Opening "Budapest: Adler variation"]
[ECO "A52"]
[Time "02:14:57"]
[TimeControl "2700+45"]

1. d4 Nf6 2. c4 e5 3. dxe5 Ng4 4. Nf3 Bc5 5. e3 Nc6 6. Be2 O-O 7. O-O Re8 8. Nc3
Ngxe5 9. Nxe5 Nxe5 10. b3 a5 11. Na4 Be7 12. Bb2 Bf6 13. Qd2 d6 14. Rfd1 Bf5 15.
c5 dxc5 16. Nxc5 Qxd2 17. Rxd2 b6 18. Na4 Rad8 19. Rad1 Rxd2 20. Rxd2 {Game
drawn by mutual agreement} 1/2-1/2

[Event "Team 45 45 League T57"]
[Site "Internet Chess Club"]
[Date "2013.06.29"]
[Round "6"]
[White "John3v16"]
[Black "Gorongonde"]
[Result "0-1"]
[WhiteElo "1727"]
[BlackElo "1709"]
[Opening "Old Indian defense"]
[ECO "A53"]
[Time "08:01:37"]
[TimeControl "2700+45"]

1. c4 Nf6 2. d4 d6 3. Nc3 c6 4. e4 Bg4 5. f3 Bh5 6. Bf4 Qc7 7. h4 h6 8. g4 Bg6
9. h5 Bh7 10. Bd3 e5 11. Be3 Nbd7 12. Nge2 Be7 13. Ng3 exd4 14. Bxd4 d5 15. Nf5
Bxf5 16. exf5 O-O-O 17. Bxa7 dxc4 18. Bxc4 Bc5 19. Bxc5 Nxc5 20. Qc2 Qg3+ 21.
Qf2 Rhe8+ 22. Kf1 Qxf2+ 23. Kxf2 Rd2+ 24. Kg3 Rxb2 25. Rh2 Rxh2 26. Kxh2 Re3 27.
Ne4 Ncxe4 28. fxe4 Rxe4 29. Bxf7 Rxg4 30. Rg1 Rxg1 31. Kxg1 Kd7 32. Kf2 Kd6 33.
Ke3 Ke5 34. Bg6 Nd5+ 35. Kd2 Ne7 36. Kc3 Nxg6 37. fxg6 Kf5 38. a4 Kg5 39. a5
Kxh5 40. Kc4 Kxg6 41. Kc5 h5 42. Kb6 h4 43. Kxb7 h3 44. a6 h2 45. a7 h1=Q 46.
a8=Q c5+ {White resigns} 0-1

[Event "Team 45 45 League T57"]
[Site "Internet Chess Club"]
[Date "2013.07.01"]
[Round "6"]
[White "Tobiasdelmonte"]
[Black "BigH"]
[Result "1/2-1/2"]
[WhiteElo "1940"]
[BlackElo "2046"]
[Opening "Queen's pawn game"]
[ECO "A45"]
[Time "01:08:06"]
[TimeControl "2700+45"]

1. d4 Nf6 2. g3 c5 3. c3 e6 4. Bg2 d5 5. Nf3 Nc6 6. O-O Be7 7. Re1 O-O 8. Nbd2
b6 9. e4 Bb7 10. e5 Nd7 11. Nf1 Rc8 12. h4 cxd4 13. cxd4 Nb4 14. Ne3 Qc7 15. a3
Nc2 16. Nxc2 Qxc2 17. Qe2 Qxe2 18. Rxe2 Ba6 19. Re3 Rc7 20. Bd2 Rfc8 21. Rc3
Rxc3 22. Bxc3 Nb8 23. Nd2 Kf8 24. Bf1 Ke8 25. f4 Kd7 26. Kf2 h6 27. Ke3 Bxf1 28.
Rxf1 Na6 29. f5 Rf8 30. Rf4 f6 31. fxe6+ Kxe6 32. exf6 gxf6 33. Kd3 Rg8 34. Rf3
Bd6 35. Nf1 Nc7 36. Bd2 h5 37. Be1 f5 38. Ne3 Rf8 39. Ng2 a5 40. Re3+ Kf6 41.
Rf3 Ne8 42. Bd2 Ke6 43. Bf4 Ng7 44. Re3+ Kd7 45. Bh6 Rf7 46. Rf3 Ne8 47. Ne3 Ke6
48. Ng2 Nf6 {Game drawn by mutual agreement} 1/2-1/2

[Event "Team 45 45 League T57"]
[Site "Internet Chess Club"]
[Date "2013.07.01"]
[Round "6"]
[White "zap2"]
[Black "JustinL"]
[Result "1/2-1/2"]
[WhiteElo "1772"]
[BlackElo "1985"]
[Opening "Benko's opening"]
[ECO "A00"]
[Time "15:03:27"]
[TimeControl "2700+45"]

1. g3 e5 2. Bg2 d5 3. d3 Nf6 4. Nd2 Bd6 5. Ngf3 O-O 6. O-O Re8 7. e4 c6 8. h3
Na6 9. c3 Nc7 10. Re1 b5 11. a4 bxa4 12. Qxa4 Bd7 13. Nf1 Qc8 14. Kh2 h6 15. Qc2
Qb7 16. b4 dxe4 17. dxe4 c5 18. bxc5 Bxc5 19. Be3 Bxe3 20. Rxe3 a5 21. c4 Bc6
22. N3d2 Na6 23. f3 a4 24. Rea3 Nc5 25. Ne3 Reb8 26. Rb1 Qd7 27. Rxb8+ Rxb8 28.
Nd5 Ne8 29. h4 Qd6 30. Bh3 Nb3 31. c5 Nxc5 32. Nc4 Qf8 33. Nxe5 Bxd5 34. exd5
Nc7 35. Nd7 Nxd7 36. Bxd7 Qxa3 37. Qxc7 Qb4 38. Bxa4 Qb6 39. Qe5 Qb2+ 40. Qxb2
Rxb2+ 41. Kh3 Kf8 42. g4 Ke7 43. Kg3 Kd6 44. Bc6 Rb4 45. h5 Ke5 46. Ba8 f5 47.
gxf5 Kxf5 48. Bc6 Rd4 49. Bb7 Kg5 50. Bc6 Kxh5 51. f4 Kg6 52. Kf3 Kf5 53. Bd7+
Kf6 54. Be6 g6 55. Ke3 Rb4 56. Kf3 g5 57. fxg5+ hxg5 58. Kg3 Ke5 59. Bf7 Rd4 60.
Be6 Kf6 61. Kf3 Rb4 62. Kg3 Rd4 63. Kf3 g4+ 64. Bxg4 Rxd5 65. Ke3 Ke5 66. Bf3
Ra5 67. Bc6 Ra3+ 68. Kd2 Kd4 69. Bd7 Ra2+ 70. Kc1 Kc3 71. Kb1 Rd2 72. Bf5 Rf2
73. Bg6 Rf1+ 74. Ka2 Rg1 75. Bf5 Rf1 76. Bg6 Rf6 77. Bh7 Rf2+ 78. Ka1 Rh2 79.
Bg6 Rg2 80. Bh7 Kb3 81. Be4 Rg1+ 82. Bb1 Kc3 83. Ka2 Rg2+ 84. Ka1 Kd2 85. Ba2
Kc1 86. Bb1 Rg5 {Game drawn by mutual agreement} 1/2-1/2

[Event "Team 45 45 League T57"]
[Site "Internet Chess Club"]
[Date "2013.06.30"]
[Round "6"]
[White "BYOB69"]
[Black "ScotchYeti"]
[Result "1-0"]
[WhiteElo "1834"]
[BlackElo "1684"]
[Opening "Queen's pawn, Mason variation, Steinitz counter-gambit"]
[ECO "D00"]
[Time "13:34:45"]
[TimeControl "2700+45"]

1. d4 d5 2. Bf4 c5 3. e3 Nc6 4. c3 Nf6 5. Nd2 Qb6 6. Qb3 c4 7. Qxb6 axb6 8. Be2
b5 9. Ngf3 b4 10. O-O e6 11. Ne5 h6 12. h3 Be7 13. Bf3 Nd7 14. Nxd7 Bxd7 15. e4
dxe4 16. Nxe4 O-O 17. Bd6 b5 18. Bxe7 Nxe7 19. cxb4 Nd5 20. a3 Ra7 21. Nc3 Nxc3
22. bxc3 Rd8 23. Rfe1 Kf8 24. Re5 Be8 25. Kf1 Rd6 26. Re2 Rda6 27. Rea2 Rd6 28.
Re1 Rda6 29. Rea1 Rd6 30. Ke2 Rda6 31. Kd2 Rd6 32. Kc2 Rda6 33. Kb2 Rd6 34. Re1
Re7 35. Bd1 Ra6 36. f4 Bc6 37. g3 Bg2 38. h4 Bc6 39. Bc2 Bd7 40. Rea1 Bc6 41. a4
Rea7 42. a5 Re7 43. Re1 Bd5 44. Raa1 Bf3 45. Re3 Bd5 46. Rae1 Rd7 47. f5 Rd8 48.
fxe6 Bxe6 49. Re5 Bd7 50. Rd5 Re8 51. Rxe8+ Bxe8 52. Bf5 Ra7 53. Rd6 Ke7 54. Rb6
Kd8 55. Be4 Kc7 56. d5 Rb7 {Black resigns} 1-0

[Event "Team 45 45 League T57"]
[Site "Internet Chess Club"]
[Date "2013.06.29"]
[Round "6"]
[White "Muravey"]
[Black "leland"]
[Result "1-0"]
[WhiteElo "1998"]
[BlackElo "1904"]
[Opening "French: Rubinstein variation"]
[ECO "C10"]
[Time "17:09:02"]
[TimeControl "2700+45"]

1. e4 e6 2. d4 d5 3. Nc3 dxe4 4. Nxe4 Nd7 5. Nf3 Ngf6 6. Bg5 Be7 7. Nxf6+ Bxf6
8. Qd2 O-O 9. Bd3 b6 10. Be4 Rb8 11. O-O Bb7 12. Bxb7 Rxb7 13. Rfe1 h6 14. Bxf6
Qxf6 15. Ne5 c5 16. c3 Rd8 17. Rad1 Rc7 18. dxc5 bxc5 19. Qd6 Rb7 20. b3 Qg5 21.
Qc6 Nxe5 22. Qxb7 Rd5 23. Rxd5 Nf3+ 24. Kh1 {Black resigns} 1-0

[Event "Team 45 45 League T57"]
[Site "Internet Chess Club"]
[Date "2013.06.30"]
[Round "6"]
[White "joebobpop"]
[Black "Constrictor"]
[Result "0-1"]
[WhiteElo "1728"]
[BlackElo "1748"]
[Opening "Caro-Kann: classical, 6.h4"]
[ECO "B19"]
[Time "20:01:54"]
[TimeControl "2700+45"]

1. e4 c6 2. d4 d5 3. Nc3 dxe4 4. Nxe4 Bf5 5. Ng3 Bg6 6. h4 h6 7. Nf3 Qc7 8. h5
Bh7 9. Bd3 Bxd3 10. Qxd3 Nd7 11. Bd2 Ngf6 12. O-O-O e6 13. Kb1 O-O-O 14. Ne4
Nxe4 15. Qxe4 Nf6 16. Qe2 Bd6 17. Bc3 Nd5 18. Bd2 Rhe8 19. c4 Nf4 20. Bxf4 Bxf4
21. g3 Bd6 22. c5 Be7 23. Qe5 Bf6 24. Qxc7+ Kxc7 25. Rhe1 Rd5 26. g4 Red8 27.
Rc1 Bxd4 28. Nxd4 Rxd4 29. f3 Rd2 30. Rf1 Re2 31. Rc2 Rdd2 32. Rxd2 Rxd2 33. Rc1
Rd3 34. Rf1 b6 35. Kc2 Rd5 36. cxb6+ axb6 37. Rd1 Rxd1 38. Kxd1 Kd6 39. Kd2 Kd5
40. Kd3 c5 41. b3 g5 42. a4 f5 43. Kc3 fxg4 44. fxg4 e5 45. Kd3 e4+ 46. Ke3 Ke5
47. Ke2 Kf4 {White resigns} 0-1

[Event "Team 45 45 League T57"]
[Site "Internet Chess Club"]
[Date "2013.07.01"]
[Round "6"]
[White "Frankly"]
[Black "LiangLiang"]
[Result "0-1"]
[WhiteElo "1797"]
[BlackElo "1794"]
[Opening "Grünfeld with Bf4 & e3"]
[ECO "D93"]
[Time "16:00:49"]
[TimeControl "2700+45"]

1. d4 Nf6 2. c4 g6 3. Nc3 d5 4. Bf4 Bg7 5. e3 O-O 6. Nf3 c6 7. Rc1 Qb6 8. Qd2
Bf5 9. c5 Qa5 10. Bd3 Bxd3 11. Qxd3 Ne4 12. O-O Nxc3 13. Qxc3 Qxc3 14. Rxc3 Nd7
15. Rb3 b6 16. cxb6 axb6 17. a3 Rfc8 18. Rc1 b5 19. Ne5 Bxe5 20. dxe5 Nb6 21. h3
Ra4 22. Rxb5 cxb5 {White resigns} 0-1

[Event "Team 45 45 League T57"]
[Site "Internet Chess Club"]
[Date "2013.06.29"]
[Round "6"]
[White "DouDou"]
[Black "ghostfire"]
[Result "1-0"]
[WhiteElo "1713"]
[BlackElo "1755"]
[Opening "Ruy Lopez: closed"]
[ECO "C90"]
[Time "21:00:09"]
[TimeControl "2700+45"]

1. e4 e5 2. Nf3 Nc6 3. Bb5 a6 4. Ba4 Nf6 5. O-O Be7 6. Re1 b5 7. Bb3 d6 8. c3
Bg4 9. h3 Bh5 10. d4 Na5 11. Bc2 c5 12. dxe5 Bxf3 13. Qxf3 dxe5 14. Qg3 O-O 15.
Qxe5 Nc4 16. Qf5 g6 17. Qf3 Ne5 18. Qg3 Bd6 19. Qh4 Be7 20. Bg5 Re8 21. Rd1 Qb6
22. Nd2 Ra7 23. Nb3 h5 24. Nxc5 Qxc5 25. Bxf6 Bxf6 26. Qxf6 Rae7 27. Rd5 Qc4 28.
Qxa6 Qe2 29. Rc1 Rd7 30. Qxb5 Qxb5 31. Rxb5 Rd2 32. Rd5 Re2 33. Kf1 Rxc2 34.
Rxc2 Nc4 35. Rd4 Ne5 36. c4 Nc6 37. Rd6 Nb4 38. Rcd2 Rxe4 39. a3 Na2 40. R6d4
Re7 41. Rc2 Ra7 42. c5 {Black resigns} 1-0

[Event "Team 45 45 League T57"]
[Site "Internet Chess Club"]
[Date "2013.06.29"]
[Round "6"]
[White "chess9793"]
[Black "Rodin7"]
[Result "1/2-1/2"]
[WhiteElo "2068"]
[BlackElo "2137"]
[Opening "Sicilian: Pelikan, Chelyabinsk variation"]
[ECO "B33"]
[Time "17:01:17"]
[TimeControl "2700+45"]

1. e4 c5 2. Nf3 Nc6 3. d4 cxd4 4. Nxd4 Nf6 5. Nc3 e5 6. Ndb5 d6 7. Bg5 a6 8. Na3
b5 9. Nd5 Be7 10. Bxf6 Bxf6 11. c4 b4 12. Nc2 a5 13. g3 O-O 14. h4 g6 15. Bh3
Be6 16. Kf1 Bg7 17. Kg2 Ne7 18. Nce3 Nxd5 19. Nxd5 Rc8 20. b3 f5 21. exf5 gxf5
22. Qh5 Bxd5+ 23. cxd5 e4 24. Rac1 Qd7 25. Rc6 Rxc6 26. dxc6 Qxc6 27. Bxf5 h6
28. Qg6 e3+ 29. f3 Rf6 30. Qh5 Qc3 {Game drawn by mutual agreement} 1/2-1/2

[Event "Team 45 45 League T57"]
[Site "Internet Chess Club"]
[Date "2013.06.29"]
[Round "6"]
[White "Epcot"]
[Black "f5"]
[Result "0-1"]
[WhiteElo "2112"]
[BlackElo "2115"]
[Opening "Dutch defense"]
[ECO "A81"]
[Time "23:01:22"]
[TimeControl "2700+45"]

1. d4 f5 2. g3 Nf6 3. Nf3 g6 4. Bg2 Bg7 5. O-O d6 6. b3 O-O 7. Bb2 Qe8 8. c4 c6
9. Nbd2 Na6 10. a3 Nc7 11. Qc2 Kh8 12. Rfe1 Nd7 13. e4 f4 14. e5 dxe5 15. dxe5
Nc5 16. Nd4 Qf7 17. b4 N5e6 18. N2f3 Nxd4 19. Nxd4 Ne6 20. Rad1 Nxd4 21. Rxd4
Bf5 22. Qd2 fxg3 23. hxg3 Qe6 24. b5 cxb5 25. cxb5 Qb6 26. a4 Rad8 27. Rd1 Rxd4
28. Bxd4 Qc7 29. Qe3 b6 30. Rc1 Qd7 31. Bc6 Qe6 32. Bb2 Rd8 33. Bf3 Qa2 34. Ba3
Rd3 35. Rc8+ Bxc8 36. Qxd3 Qg8 37. Qd4 Qf8 38. Bc6 Be6 39. f4 h6 40. a5 Qf5 41.
Qe4 Qh5 42. Qf3 Bg4 43. Qh1 Qf5 44. Qe4 Qf7 45. Qd5 e6 46. Qd4 bxa5 47. Bc5 g5
48. fxg5 Qf5 49. Be4 Qxg5 50. Bxa7 Bxe5 51. Qf2 Bf5 52. Bxf5 Bxg3 53. Qg2 Qc1+
54. Qf1 Qxf1+ 55. Kxf1 exf5 56. b6 a4 57. b7 a3 58. b8=Q+ Bxb8 59. Bxb8 Kg7 60.
Be5+ Kf7 61. Kf2 Ke6 62. Bg7 a2 63. Kf3 h5 64. Bb2 h4 65. Ba1 Kd5 66. Bb2 Kc4
67. Bf6 Kd3 68. Bb2 Kc2 69. Be5 Kb1 70. Kg2 f4 71. Kh3 f3 72. Kh2 a1=Q 73. Bxa1
Kxa1 74. Kg1 h3 75. Kh1 f2 76. Kh2 f1=Q {White resigns} 0-1

[Event "Team 45 45 League T57"]
[Site "Internet Chess Club"]
[Date "2013.06.28"]
[Round "6"]
[White "stile"]
[Black "Pason"]
[Result "1-0"]
[WhiteElo "1861"]
[BlackElo "1898"]
[Opening "Caro-Kann: Bronstein-Larsen variation"]
[ECO "B16"]
[Time "13:02:11"]
[TimeControl "2700+45"]

1. e4 c6 2. d4 d5 3. Nc3 dxe4 4. Nxe4 Nf6 5. Nxf6+ gxf6 6. c3 Qd5 7. c4 Qe4+ 8.
Be3 Na6 9. Qb3 Bg7 10. Ne2 h5 11. Nf4 Qf5 12. Bd3 Qa5+ 13. Bd2 Qb6 14. Qxb6 axb6
15. O-O Nc7 16. Rfe1 Ne6 17. d5 Nc5 18. Bc2 f5 19. Bc3 Bxc3 20. bxc3 Ra3 21. Re3
Ne4 22. Bxe4 fxe4 23. Rxe4 Rxc3 24. Rae1 Kd8 25. Rxe7 Rxc4 26. Rxf7 cxd5 27.
Nxd5 Be6 28. Rf6 Re8 29. Rd1 Bxd5 30. Rd6+ Kc7 31. R6xd5 Re2 32. Rxh5 Rd2 33.
Re1 Re2 34. Kf1 Rxa2 35. g3 Rcc2 36. Rf5 b5 37. Rb1 Rab2 38. Rxb2 Rxb2 39. h4 b4
40. h5 b3 41. h6 Rb1+ 42. Kg2 Kc6 43. Rf3 b2 44. Rb3 {Black resigns} 1-0

[Event "Team 45 45 League T57"]
[Site "Internet Chess Club"]
[Date "2013.06.29"]
[Round "6"]
[White "Tobiasdelmonte"]
[Black "hood"]
[Result "1-0"]
[WhiteElo "1935"]
[BlackElo "1738"]
[Opening "Neo-Grünfeld, 6.O-O"]
[ECO "D77"]
[Time "23:00:37"]
[TimeControl "2700+45"]

1. d4 Nf6 2. g3 g6 3. Bg2 Bg7 4. Nf3 O-O 5. O-O d5 6. c4 dxc4 7. Nbd2 Nc6 8.
Nxc4 Be6 9. b3 Qc8 10. Ng5 Bf5 11. e4 Bg4 12. Qd3 h6 13. Nf3 Bh3 14. Ba3 Re8 15.
d5 Nb8 16. e5 Bf5 17. Qd1 Nfd7 18. Re1 Nb6 19. Rc1 N8d7 20. d6 c5 21. dxe7 Rxe7
22. Nd6 Qc7 23. Nxf5 gxf5 24. Qd6 Qxd6 25. exd6 Rxe1+ 26. Nxe1 Rb8 27. Nd3 Bf8
28. Nxc5 Nxc5 29. Bxc5 f6 30. Bxb6 axb6 31. d7 Rd8 32. Bd5+ Kg7 33. Rc7 Bc5 34.
Be6 Kf8 35. Rxb7 Ke7 36. Bxf5 Kd6 37. Kg2 Ke5 38. g4 h5 39. h3 hxg4 40. hxg4 Kd6
41. Kf3 Ke5 42. Ke2 Kd5 43. Rc7 Kd6 44. Rc8 Ke7 45. f4 Bd6 46. Ke3 Bc5+ 47. Ke4
Bd6 48. g5 fxg5 49. fxg5 Bc5 50. g6 {Black resigns} 1-0

[Event "Team 45 45 League T57"]
[Site "Internet Chess Club"]
[Date "2013.06.30"]
[Round "6"]
[White "sonoftill"]
[Black "carokantor"]
[Result "1-0"]
[WhiteElo "2142"]
[BlackElo "1927"]
[Opening "Queen's pawn, Mason variation"]
[ECO "D00"]
[Time "14:11:25"]
[TimeControl "2700+45"]

1. d4 d5 2. Bf4 Bf5 3. Nf3 c6 4. c4 e6 5. e3 Bd6 6. Bxd6 Qxd6 7. Nc3 Nf6 8. Bd3
Bxd3 9. Qxd3 Nbd7 10. O-O O-O 11. e4 dxe4 12. Nxe4 Nxe4 13. Qxe4 Nf6 14. Qe5 Qb4
15. Qe2 Rfc8 16. a3 Qd6 17. Rfd1 Rd8 18. Rd2 Rd7 19. Rad1 Qf4 20. Ne5 Rdd8 21.
Rd3 Nd7 22. Rf3 Qg5 23. Nxf7 Qe7 24. Nxd8 Rxd8 25. Re1 Nf8 26. Qe5 Ng6 27. Qxe6+
Qxe6 28. Rxe6 Nh4 29. Rd3 Nf5 30. Re4 Nd6 31. Re7 Nxc4 32. Rxb7 a5 33. Rg3 g6
34. h4 Rxd4 35. h5 Rd6 36. hxg6 hxg6 37. Rh3 Rd1+ 38. Kh2 Rd2 39. Rhh7 Rxf2 40.
Rhg7+ Kf8 41. Rxg6 Nxb2 42. Rxc6 {Black resigns} 1-0

[Event "Team 45 45 League T57"]
[Site "Internet Chess Club"]
[Date "2013.06.29"]
[Round "6"]
[White "Happybear"]
[Black "SlimeDog2"]
[Result "0-1"]
[WhiteElo "1997"]
[BlackElo "2062"]
[Opening "Petrov's defense"]
[ECO "C42"]
[Time "12:43:12"]
[TimeControl "2700+45"]

1. e4 e5 2. Nf3 Nf6 3. Qe2 Nc6 4. Nc3 Bc5 5. d3 Ng4 6. Bg5 Nd4 7. Bxd8 Nxe2 8.
Bxe2 Kxd8 9. O-O d6 10. Rad1 c6 11. h3 Nf6 12. d4 exd4 13. Nxd4 Kc7 14. Bc4 Bb4
15. Nde2 Re8 16. f3 Re7 17. a3 Bc5+ 18. Kh2 b5 19. Bb3 a5 20. a4 b4 21. Na2 Ba6
22. Nac1 d5 23. Rfe1 dxe4 24. fxe4 Nxe4 25. Ng3 Bf2 26. Rxe4 Bxg3+ 27. Kxg3 Rxe4
28. Bxf7 Rf8 29. Bh5 Rf1 30. Rxf1 Bxf1 31. Bf3 Re1 32. Nb3 Kb6 33. Kf2 Rb1 34.
Nd2 Rxb2 35. Kxf1 Rxc2 36. Ke1 Rc1+ 37. Ke2 Rc3 38. Nb1 Ra3 39. Nd2 Rxa4 40. Kd3
Kb5 41. Kc2 Ra2+ 42. Kc1 a4 43. Be4 b3 44. Bb1 Ra1 45. Kb2 Rxb1+ 46. Kxb1 Kb4
47. Nf3 c5 48. Ng5 c4 49. Nxh7 a3 50. Ng5 a2+ 51. Ka1 Ka3 52. Ne4 c3 53. Nd6 b2#
{White checkmated} 0-1

[Event "Team 45 45 League T57"]
[Site "Internet Chess Club"]
[Date "2013.06.27"]
[Round "6"]
[White "cyborg86"]
[Black "LucaTrapani"]
[Result "1-0"]
[WhiteElo "1914"]
[BlackElo "1750"]
[Opening "French: Tarrasch, Guimard variation"]
[ECO "C04"]
[Time "17:17:48"]
[TimeControl "2700+45"]

1. e4 e6 2. d4 d5 3. Nd2 Nc6 4. c3 e5 5. dxe5 dxe4 6. Nxe4 Qxd1+ 7. Kxd1 Bf5 8.
Ng3 O-O-O+ 9. Bd2 Bg4+ 10. f3 Bd7 11. f4 f6 12. exf6 Nxf6 13. Nf3 Bc5 14. Be2
Bf2 15. Ng5 Rhf8 16. N5e4 Bxg3 17. Nxg3 Bg4 18. Bxg4+ Nxg4 19. Kc2 Ne7 20. h3
Nf6 21. Rhe1 Ned5 22. Rad1 Ne8 23. f5 Nd6 24. Bg5 Nf6 25. Re7 h6 26. Bf4 g5 27.
fxg6 Ng8 28. Bxd6 Rxd6 29. Rxd6 Nxe7 30. Rd3 Nxg6 31. Rf3 Rg8 32. Nf5 h5 33. Rg3
Kd7 34. Nh4 Ne7 35. Rxg8 Nxg8 36. Kd3 Ke6 37. Ke4 Kf6 38. Nf3 Ne7 39. Nd4 c6 40.
c4 Nc8 41. Nf5 Nb6 42. b3 Nd7 43. Nd6 b6 44. Nc8 a5 45. Na7 c5 46. Nc8 Ke6 47.
g4 hxg4 48. hxg4 b5 49. cxb5 Nf6+ {Black resigns} 1-0

[Event "Team 45 45 League T57"]
[Site "Internet Chess Club"]
[Date "2013.06.30"]
[Round "6"]
[White "jrobic7"]
[Black "Portola"]
[Result "0-1"]
[WhiteElo "1776"]
[BlackElo "1790"]
[Opening "French: Rubinstein variation"]
[ECO "C10"]
[Time "12:01:00"]
[TimeControl "2700+45"]

1. e4 e6 2. d4 d5 3. Nc3 dxe4 4. Nxe4 Be7 5. Nf3 Nf6 6. Bd3 Nxe4 7. Bxe4 Nd7 8.
O-O Nf6 9. Bd3 O-O 10. Qe2 b6 11. Bg5 Bb7 12. Rad1 Re8 13. Ne5 Qd5 14. Nf3 Qxa2
15. c4 Bxf3 16. gxf3 Qa5 17. Qe3 Qb4 18. Qf4 Nh5 19. Qe4 g6 20. Bh6 Bf6 21. Rfe1
Bg7 22. Bg5 Qa4 23. Re2 Qxd1+ {White resigns} 0-1

[Event "Team 45 45 League T57"]
[Site "Internet Chess Club"]
[Date "2013.06.30"]
[Round "6"]
[White "Warren"]
[Black "MaartenKoning"]
[Result "1/2-1/2"]
[WhiteElo "2298"]
[BlackElo "2261"]
[Opening "French: Winawer, advance, Bogolyubov variation"]
[ECO "C17"]
[Time "07:05:31"]
[TimeControl "2700+45"]

1. e4 e6 2. d4 d5 3. Nc3 Bb4 4. e5 c5 5. Bd2 Nh6 6. Nb5 Bxd2+ 7. Qxd2 O-O 8.
dxc5 Nc6 9. Nf3 b6 10. Nbd4 Nxd4 11. Qxd4 Nf5 12. Qc3 d4 13. Qa3 bxc5 14. Qxc5
Bb7 15. Bd3 Bxf3 16. gxf3 Qg5 17. Bxf5 Qxf5 18. Qxd4 Qxc2 19. O-O Rfd8 20. Rac1
Qg6+ 21. Qg4 Qxg4+ 22. fxg4 Rd2 23. f3 Rxb2 24. Rf2 Rxf2 25. Kxf2 g5 26. Rc7 Rd8
27. Rxa7 Rd5 28. a4 Rxe5 29. a5 Kg7 30. a6 Ra5 31. Ke3 Kf6 32. Kd4 h6 33. h3 Ra1
34. Ra8 Ra5 35. Kc4 Ke5 36. Kb4 Ra1 37. Kb5 Kf4 38. Rf8 f5 39. Kb6 Rb1+ 40. Kc6
Rc1+ 41. Kb7 Rb1+ 42. Kc7 Rc1+ 43. Kb8 Rb1+ 44. Kc8 Rc1+ 45. Kb7 Rb1+ 46. Kc6
{Game drawn by mutual agreement} 1/2-1/2

[Event "Team 45 45 League T57"]
[Site "Internet Chess Club"]
[Date "2013.07.05"]
[Round "6"]
[White "Kueh"]
[Black "Campagnolo"]
[Result "0-1"]
[WhiteElo "1995"]
[BlackElo "2098"]
[Opening "Caro-Kann: Steinitz variation"]
[ECO "B17"]
[Time "16:03:50"]
[TimeControl "2700+45"]

1. e4 c6 2. d4 d5 3. Nd2 dxe4 4. Nxe4 Nd7 5. Ng5 Ngf6 6. Bd3 e6 7. N1f3 Bd6 8.
O-O h6 9. Ne4 Nxe4 10. Bxe4 Nf6 11. Bd3 Qc7 12. Bd2 O-O 13. Qe1 b6 14. Bb4 Bb7
15. Bxd6 Qxd6 16. Rd1 c5 17. dxc5 Qxc5 18. Ne5 Rfd8 19. Qe2 Rd5 20. Rfe1 Rad8
21. c4 R5d6 22. Bc2 Qc7 23. b4 Rxd1 24. Rxd1 Rd6 25. f4 Qd8 26. Rxd6 Qxd6 27.
Qd3 Qxb4 28. Kf1 Be4 29. Qd8+ Qf8 30. Qxf8+ Kxf8 31. Bxe4 Nxe4 32. Ke2 Nc3+ 33.
Kd2 Nxa2 34. Nc6 a5 35. Kc2 Nb4+ 36. Nxb4 axb4 37. Kb3 Ke7 38. Kxb4 Kd7 39. Kb5
Kc7 40. g4 g6 41. h3 h5 42. gxh5 gxh5 43. h4 f6 44. c5 bxc5 45. Kxc5 Kd7 46. Kc4
Kc6 47. Kd4 Kd6 48. Kc4 e5 49. Kd3 exf4 50. Ke4 f3 51. Kxf3 Ke5 52. Ke3 f5 53.
Kf3 f4 54. Kf2 Ke4 55. Ke2 f3+ 56. Kf1 Kf4 {White resigns} 0-1

[Event "Team 45 45 League T57"]
[Site "Internet Chess Club"]
[Date "2013.06.30"]
[Round "6"]
[White "TerryMalloy"]
[Black "CaoCao"]
[Result "1-0"]
[WhiteElo "2042"]
[BlackElo "1891"]
[Opening "Hungarian defense"]
[ECO "C50"]
[Time "18:03:40"]
[TimeControl "2700+45"]

1. e4 e5 2. Nf3 Nc6 3. Bc4 Be7 4. d4 d6 5. dxe5 Nxe5 6. Nxe5 dxe5 7. Qh5 g6 8.
Qxe5 Nf6 9. Bh6 Rg8 10. Bg5 Qd6 11. Qxd6 cxd6 12. Nc3 Be6 13. Bb5+ Bd7 14. Bxd7+
Kxd7 15. O-O-O Ng4 16. Bxe7 Kxe7 17. Rd2 Rgd8 18. f3 Nf6 19. Rhd1 a6 20. Nd5+
Nxd5 21. Rxd5 f6 22. c3 Rac8 23. Kc2 b5 24. Kb3 Rc4 25. R1d4 Rxd4 26. Rxd4 Ke6
27. Kb4 Rc8 28. Ka5 Rc6 29. a4 bxa4 30. Kxa4 Rc5 31. Rb4 f5 32. exf5+ gxf5 33.
Rh4 Rd5 34. g4 Rd2 35. Kb3 Rf2 36. gxf5+ Kxf5 37. Rxh7 Ke5 38. h4 Rxf3 39. h5
Rh3 40. Kb4 d5 41. h6 Rh2 42. b3 Rh3 43. Re7+ {Black resigns} 1-0

[Event "Team 45 45 League T57"]
[Site "Internet Chess Club"]
[Date "2013.07.01"]
[Round "6"]
[White "ARuperez"]
[Black "DanielDelPaso"]
[Result "0-1"]
[WhiteElo "1997"]
[BlackElo "2309"]
[Opening "Sicilian defense"]
[ECO "B40"]
[Time "13:06:46"]
[TimeControl "2700+45"]

1. e4 c5 2. Nf3 e6 3. c3 b6 4. d4 Bb7 5. d5 Nf6 6. dxe6 Nxe4 7. exf7+ Kxf7 8.
Ne5+ Kg8 9. Qf3 Qf6 10. Bc4+ d5 11. Qxe4 Qe6 12. f4 Bc6 13. f5 dxc4 14. fxe6
Bxe4 15. Nf7 Nc6 16. Nxh8 Bd3 17. Nf7 h6 18. Bf4 Re8 19. Nxh6+ gxh6 20. Kd2 Rxe6
21. Re1 Rf6 22. g3 Ne7 23. Na3 Nd5 24. Rf1 h5 25. Rf3 Nxf4 26. gxf4 Rd6 27. Re1
Bh6 28. Ke3 a6 29. Kf2 b5 30. Kg3 Kf7 31. Rf2 Rg6+ 32. Kh4 Bg7 33. Kxh5 Bf6 34.
Rfe2 Bf5 35. h3 Rg8 {White resigns} 0-1

[Event "Team 45 45 League T57"]
[Site "Internet Chess Club"]
[Date "2013.06.29"]
[Round "6"]
[White "zeigmata"]
[Black "CaptainMorgan"]
[Result "1/2-1/2"]
[WhiteElo "2189"]
[BlackElo "1960"]
[Opening "French: Fort Knox variation"]
[ECO "C10"]
[Time "17:21:29"]
[TimeControl "2700+45"]

1. e4 e6 2. d4 d5 3. Nc3 dxe4 4. Nxe4 Bd7 5. Nf3 Bc6 6. Bd3 Nd7 7. O-O Ngf6 8.
Qe2 Be7 9. c4 O-O 10. b3 Bxe4 11. Bxe4 Nxe4 12. Qxe4 c6 13. Bf4 Re8 14. Qc2 Qa5
15. Rad1 Rad8 {Game drawn by mutual agreement} 1/2-1/2

[Event "Team 45 45 League T57"]
[Site "Internet Chess Club"]
[Date "2013.07.01"]
[Round "6"]
[White "lluisdp"]
[Black "f5"]
[Result "0-1"]
[WhiteElo "1990"]
[BlackElo "2126"]
[Opening "Dutch"]
[ECO "A80"]
[Time "15:00:48"]
[TimeControl "2700+45"]

1. d4 f5 2. Nf3 Nf6 3. Bf4 g6 4. e3 Bg7 5. h3 d6 6. Bc4 c6 7. c3 Qb6 8. Qc2 Nbd7
9. Nbd2 Nf8 10. O-O-O Be6 11. Rhe1 Bxc4 12. Nxc4 Qa6 13. Qb3 Ne4 14. Bg3 Nd7 15.
Ncd2 Nxg3 16. fxg3 d5 17. g4 e6 18. gxf5 exf5 19. g4 fxg4 20. hxg4 O-O-O 21. e4
Nf6 22. exd5 Nxd5 23. Ne5 Rde8 24. Ndc4 Re6 25. Nf7 Rxe1 26. Rxe1 Rf8 27. Nfd6+
Kb8 28. Ne5 Rf1 29. Rd1 Rxd1+ 30. Qxd1 Qxa2 31. Qf3 Bh6+ 32. Kc2 Ne3+ 33. Kd3
Qb1+ 34. Ke2 Qxb2+ 35. Kd3 Qc2# {White checkmated} 0-1